2947 views
Uploaded 2020-08-17 12:31:27
Game version 1.32.8
12:07 long 1on1 custom game on (2)Amazonia
Game name "emo2"
Saved by RichApM
2947 views
Uploaded 2020-08-17 12:31:27
Game version 1.32.8
12:07 long 1on1 custom game on (2)Amazonia
Game name "emo2"

18 units @ 2.5k
/ 0.3k
9 buildings @ 1.5k
/ 0.5k


| Rod of Necromancy | 3 | 450 |
| Ritual Dagger | 1 | 125 |
| Orb of Corruption | 1 | 375 |
| Potion of Healing | 2 | 300 |
| Boots of Speed | 1 | 250 |
| total: | 8 | 1500g |
| Acolyte | 4 | 300 | / | 0 |
| Ghoul | 8 | 960 | / | 0 |
| Crypt Fiend | 3 | 645 | / | 120 |
| Obsidian Statue | 2 | 400 | / | 70 |
| Abomination | 1 | 240 | / | 70 |
| total: | 18 | 2545g | / | 260w |
| Nerubian Tower | 1 | 100 | / | 20 |
| Spirit Tower | 1 | 145 | / | 40 |
| Crypt | 1 | 200 | / | 50 |
| Altar of Darkness | 1 | 180 | / | 50 |
| Ziggurat | 4 | 600 | / | 200 |
| Tomb of Relics | 1 | 130 | / | 30 |
| Graveyard | 1 | 215 | / | 0 |
| Slaughterhouse | 1 | 140 | / | 135 |
| Halls of the Dead | 1 | 320 | / | 210 |
| Black Citadel | 1 | 325 | / | 230 |
| total: | 9 | 1465g | / | 465w |
| 0:02 | Acolyte |
| 0:04 | Crypt |
| 0:08 | Altar of Darkness |
| 0:23 | Ziggurat |
| 0:33 | Acolyte |
| 1:00 | Acolyte |
| 1:04 | Tomb of Relics |
| 1:11 | Ghoul |
| 1:27 | Ziggurat |
| 1:39 | Ghoul |
| 1:51 | Ghoul |
| 2:12 | Frost Nova |
| 2:22 | Rod of Necromancy |
| 2:25 | Ghoul |
| 2:35 | Ghoul |
| 3:04 | Dark Ritual |
| 3:05 | Nerubian Tower |
| 3:06 | Ghoul |
| 3:42 | Ghoul |
| 3:43 | Halls of the Dead |
| 4:12 | Graveyard |
| 4:19 | Ritual Dagger |
| 4:41 | Ghoul |
| 4:46 | Rod of Necromancy |
| 4:55 | Ziggurat |
| 5:44 | Frost Nova |
| 5:50 | Crypt Fiend |
| 5:55 | Boots of Speed |
| 6:20 | Acolyte |
| 6:38 | Slaughterhouse |
| 7:35 | Black Citadel |
| 7:42 | Rod of Necromancy |
| 7:55 | Death Coil |
| 8:15 | Crypt Fiend |
| 8:35 | Dark Ritual |
| 8:48 | Crypt Fiend |
| 8:49 | Obsidian Statue |
| 9:03 | Ziggurat |
| 9:36 | Obsidian Statue |
| 9:56 | Orb of Corruption |
| 10:50 | Potion of Healing |
| 10:58 | Potion of Healing |
| 11:03 | Spirit Tower |
| 11:47 | Abomination |
| Right click | 872 |
| Select group | 424 |
| Select | 269 |
| Assign group | 91 |
| Build/train/purchase | 52 |
| Use ability | 31 |
| Chat | 11 |
| Misc. action | 7 |
| Item give/drop | 4 |
25 units @ 3.4k
/ 0.3k
10 buildings @ 1.6k
/ 0.5k



| Rod of Necromancy | 2 | 300 |
| Ritual Dagger | 1 | 125 |
| Orb of Corruption | 1 | 375 |
| Potion of Lesser Invulnerability | 1 | 150 |
| total: | 5 | 950g |
| Acolyte | 5 | 375 | / | 0 |
| Ghoul | 13 | 1560 | / | 0 |
| Crypt Fiend | 4 | 860 | / | 160 |
| Obsidian Statue | 2 | 400 | / | 70 |
| Goblin Sapper | 1 | 215 | / | 100 |
| total: | 25 | 3410g | / | 330w |
| Nerubian Tower | 2 | 200 | / | 40 |
| Altar of Darkness | 1 | 180 | / | 50 |
| Crypt | 1 | 200 | / | 50 |
| Ziggurat | 5 | 750 | / | 250 |
| Tomb of Relics | 1 | 130 | / | 30 |
| Graveyard | 1 | 215 | / | 0 |
| Slaughterhouse | 1 | 140 | / | 135 |
| Halls of the Dead | 1 | 320 | / | 210 |
| Black Citadel | 1 | 325 | / | 230 |
| total: | 10 | 1615g | / | 515w |
| 0:00 | Acolyte |
| 0:03 | Altar of Darkness |
| 0:08 | Crypt |
| 0:22 | Ziggurat |
| 0:30 | Acolyte |
| 0:30 | Acolyte |
| 0:30 | Acolyte |
| 0:46 | Acolyte |
| 1:04 | Tomb of Relics |
| 1:09 | Ghoul |
| 1:23 | Ziggurat |
| 1:35 | Ghoul |
| 1:36 | Ghoul |
| 1:36 | Ghoul |
| 1:49 | Ghoul |
| 2:09 | Rod of Necromancy |
| 2:10 | Frost Nova |
| 2:19 | Nerubian Tower |
| 2:38 | Ghoul |
| 2:50 | Ghoul |
| 2:56 | Frost Armor |
| 3:07 | Ghoul |
| 3:39 | Ghoul |
| 3:40 | Nerubian Tower |
| 3:55 | Halls of the Dead |
| 4:13 | Ghoul |
| 4:14 | Graveyard |
| 4:29 | Ghoul |
| 4:39 | Ziggurat |
| 4:50 | Ghoul |
| 5:07 | Frost Nova |
| 5:11 | Rod of Necromancy |
| 5:21 | Ghoul |
| 5:38 | Crypt Fiend |
| 6:16 | Black Citadel |
| 6:21 | Ritual Dagger |
| 7:07 | Slaughterhouse |
| 7:29 | Crypt Fiend |
| 7:49 | Death Coil |
| 8:08 | Ziggurat |
| 8:12 | Obsidian Statue |
| 8:14 | Crypt Fiend |
| 8:59 | Orb of Corruption |
| 9:28 | Crypt Fiend |
| 9:30 | Obsidian Statue |
| 9:39 | Potion of Lesser Invulnerability |
| 10:21 | Silence |
| 10:28 | Destroyer Form |
| 10:51 | Unholy Aura |
| 10:52 | Dark Ritual |
| 10:59 | Ziggurat |
| 11:41 | Goblin Sapper |
| Select group | 1352 |
| Right click | 1334 |
| Select | 454 |
| Misc. action | 256 |
| Build/train/purchase | 112 |
| Assign group | 84 |
| Use ability | 33 |
| Item give/drop | 5 |
| Chat | 4 |